[Event "VII Open Internacional Quart de Poblet"]
[Site "Quart de Poblet, Spain"]
[Date "2019.08.10"]
[Round "8.7"]
[White "Martinez Villena, David"]
[Black "Chernikov, Vladimir"]
[Result "0-1"]
[TimeControl "90m +30s por jugada"]
[WhiteFideId "2284022"]
[BlackFideId "14112914"]
[WhiteElo "2006"]
[BlackElo "2315"]

1. e4 g6 2. d4 Bg7 3.
c3 d5 4.
exd5 Qxd5 5. Nd2 Nf6 6. Ngf3 O-O 7. Bc4 Qd8 8. O-O Nc6 9. Re1 e6 10. Bb3 b6 11. Nc4 Bb7 12. Bg5 h6 13.
Bh4 Ne7 14. Nce5 Nf5 15. Bxf6 Bxf6 16. Qd3 Kg7 17. Bc2 Qd5 18. Qf1 Qd6 19. Rad1 c6 20. Qd3 Rfd8 21. Bb3 Qc7 22. Qe2 a5 23.
a4 c5 24. dxc5 Bxf3 25. Nxf3 bxc5 26. Bc4 Rxd1 27. Rxd1 Rd8 28. Rxd8 Qxd8 29. Qd2 Nd6 30. Be2 Qb6 31. Qc2 c4 32.
g3 h5 33. h4 Nf5 34. Kf1 Qc6 35. Kg1 Qc5 36. Kf1 Qd5 37. Kg1 Be7 38. Qd2 Qe4 39. Nd4 Nd6 40. Bf3 Qb1+ 41. Kg2 Nf5 42.
Nxf5+ exf5 43. Qd7 Qe1 44. Qd4+ Bf6 45. Qxc4 Qd2 46. Qc7 Qxb2 47. Bd5 Bxc3 48. Qxf7+ Kh6 49. Qf8+ Bg7 50. Qf7 Qc2 51. Bb3 Qe4+ 52. Kg1 Qb4 53.
Qc4 Qe1+ 54. Kg2 Be5 55. Qf7 Qb4 56. Bc2 Bd4 57. Qa2 Qb7+ 58. Kg1 Qf3 59. Bb3 Qxg3+ 60. Kf1 Qh3+ 61. Kg1 Qxh4 62. Qd2+ Kg7 63. Bd5 Qg4+ 64. Kf1 h4 65. Qxa5 Qf4 66. Qe1 h3 67. Qe7+ Kh6 68. Qe1 h2 69. Bh1 Qg5 70. Bg2 Qh4 71.
Bh1 Qh3+ 72. Ke2 Qg4+ 73. Kf1 f4 74. f3 Qg1+ 75. Ke2 Qe3+ 76. Kf1 Qd3+ 77. Kg2 Qc2+ 78. Kf1 Kh5 79. a5 Bc3 80. Qe2 Qc1+ 81. Kg2 Qg1+ 0-1

[Event "VII Open Internacional Quart de Poblet"]
[Site "Quart de Poblet, Spain"]
[Date "2019.08.10"]
[Round "8.8"]
[White "Navarro Diaz, Carles"]
[Black "Carbonell Sancho, Marc"]
[Result "0-1"]
[TimeControl "90m +30s por jugada"]
[BlackFideId "32029969"]
[WhiteElo "2067"]
[BlackElo "2187"]

1. e4 e6 2. d4 d5 3. Bd3 dxe4 4. Bxe4 Nf6 5. Bf3 c5 6. Ne2 Nc6 7. Be3 cxd4 8.
Nxd4 Ne5 9. O-O Be7 10. Nc3 O-O 11. Be2 Bd7 12. h3 Qc8 13. Nf3 Ng6 14. Qd3 e5 15.
Qc4 Be6 16. Qxc8 Rfxc8 17. Rfd1 a6 18. Bd3 b5 19. a4 b4 20. Ne4 Nd5 21. Neg5 Nxe3 22. fxe3 Bc4 23. Bf5 Rc7 24. b3 Be2 25.
Rd2 Bxf3 26. Nxf3 Nf8 27. Rad1 f6 28. Rd5 Rc5 29. Kf2 g6 30. Be4 Rac8 31. g4 Kg7 32. Rxc5 Rxc5 33. Nd2 Ne6 34. Nc4 Rc7 35. Rd5 Nc5 36.
Bg2 Nxa4 37. Ra5 Nc5 38. Nb6 Bd6 39. Nd5 Rc8 40. Nxb4 Nxb3 41. cxb3 Bxb4 42. Rxa6 Rc2+ 43. Kf1 Bd2 44. e4 Be3 45. Bh1 Bd4 46. Ra4 Rf2+ 47. Ke1 Rb2 48.
Bf3 Rxb3 49. Be2 Rxh3 50. Kd2 Kh6 51. Ra6 Kg5 52. Rc6 Re3 53. Bd3 Rf3 54. Rd6 Rg3 55. Be2 Ra3 56. Rc6 Ra2+ 57.
Rc2 Ra7 58. Rc6 Rb7 59. Bd1 Ra7 60. Be2 Ra3 61. Bd1 Rh3 62. Ra6 Re3 63. Bc2 Kxg4 64. Rxf6 Kg5 65. Rf1 h5 66. Rg1+ Kh6 67.
Ba4 Ra3 0-1

[Event "VII Open Internacional Quart de Poblet"]
[Site "Quart de Poblet, Spain"]
[Date "2019.08.10"]
[Round "8.9"]
[White "Raimundo Medina, Fermin"]
[Black "Serrano Felipe, Rafael"]
[Result "0-1"]
[TimeControl "90m +30s por jugada"]
[WhiteFideId "22244514"]
[BlackFideId "2252112"]
[WhiteElo "1915"]
[BlackElo "2101"]

1. e4 c5 2. Nf3 Nc6 3. d4 cxd4 4. Nxd4 e5 5. Nb5 d6 6. N1c3 a6 7. Na3 b5 8. Nd5 Nce7 9. c4 Nxd5 10.
Qxd5 Be6 11. Qd1 Nf6 12. Bd3 Be7 13. cxb5 O-O 14. O-O axb5 15. Nxb5 d5 16. exd5 Nxd5 17. Re1 Bc5 18. Bxh7+ Kh8 19.
Qh5 Nf6 20. Qxe5 Bxf2+ 21. Kxf2 Ng4+ 0-1

[Event "VII Open Internacional Quart de Poblet"]
[Site "Quart de Poblet, Spain"]
[Date "2019.08.11"]
[Round "9.1"]
[White "Cruz Lledo, Pablo"]
[Black "Nieves Cabanes, Javier"]
[Result "1-0"]
[TimeControl "90m +30s por jugada"]
[WhiteFideId "2297361"]
[BlackFideId "22245707"]
[WhiteElo "2445"]
[BlackElo "2211"]

1. d4 Nf6 2. Nf3 d5 3. e3 c5 4. c4 e6 5. cxd5 exd5 6. Bb5+ Bd7 7. Bxd7+ Nbxd7 8. O-O c4 9. a4 a6 10.
a5 b5 11. axb6 Qxb6 12. Qa4 Bb4 13. Ne5 Qb7 14. b3 O-O 15. bxc4 Nxe5 16. dxe5 Ng4 17. cxd5 a5 18. Qb3 Rad8 19.
e4 f5 20. Bg5 fxe4 21. Bxd8 e3 22. Nd2 exf2+ 23. Kh1 Rxd8 24. d6+ Kh8 25. Qg3 Bxd2 26. Qxg4 Bc3 27. Rad1 Bxe5 28. d7 Qb6 29.
Qe2 Qc7 30. Rc1 1-0

[Event "VII Open Internacional Quart de Poblet"]
[Site "Quart de Poblet, Spain"]
[Date "2019.08.11"]
[Round "9.2"]
[White "Castella Garcia, Fausto"]
[Black "Davtyan, David Arm"]
[Result "0-1"]
[TimeControl "90m +30s por jugada"]
[WhiteFideId "3501922"]
[WhiteElo "2315"]
[BlackElo "2249"]

1. e4 c5 2. Nf3 Nc6 3. Bb5 g6 4. c3 Nf6 5.
e5 Nd5 6. O-O Nc7 7. a4 Bg7 8. d4 cxd4 9. cxd4 O-O 10. Nc3 d6 11. Bxc6 bxc6 12. h3 Rb8 13. Re1 Be6 14. exd6 exd6 15.
Bg5 Qd7 16. Qd2 Rfe8 17. Ne4 Nd5 18. Bh6 Bh8 19. Nfg5 Rb4 20. Nf3 Reb8 21. Qg5 Bf5 22. Nc3 Bf6 23. Qg3 Rxb2 24. Nxd5 cxd5 25.
Bf4 R8b6 26. Bg5 Qd8 27. Qh4 Bxg5 28. Nxg5 h5 29. g4 f6 30. gxf5 fxg5 31. Qg3 Qf6 32. fxg6 R6b3 33. Qg2 Rf3 34.
Re8+ Kg7 35. Re6 Rfxf2 36. Qxd5 Rg2+ 0-1

[Event "VII Open Internacional Quart de Poblet"]
[Site "Quart de Poblet, Spain"]
[Date "2019.08.11"]
[Round "9.3"]
[White "Lara Lopez, Jose"]
[Black "Kovacevic, Slobodan"]
[Result "1/2-1/2"]
[TimeControl "90m +30s por jugada"]
[WhiteFideId "2257041"]
[BlackFideId "902152"]
[WhiteElo "2271"]
[BlackElo "2252"]

1. e4 c5 2. Nc3 e6 3. Nf3 a6 4.
g3 Qc7 5. Bg2 d6 6. O-O Nf6 7. Re1 Be7 8. e5 dxe5 9. Nxe5 Nbd7 10. Qe2 Nxe5 11. Qxe5 Bd6 12. Qe2 O-O 13. d3 Bd7 14. Bg5 Be7 15. Ne4 Nd5 16. Bxe7 Nxe7 17. Rad1 Nf5 18. c3 Rad8 19.
Nd2 Ba4 20. b3 Bc6 21. Nc4 Bxg2 22. Kxg2 b5 23. Ne3 Ne7 24. Kg1 Qb6 25. a4 b4 26. c4 Nc6 27. Nc2 Na5 28. Na1 Rd6 29.
Qe4 Rfd8 30. Re3 h6 31. Rf3 1/2-1/2

[Event "VII Open Internacional Quart de Poblet"]
[Site "Quart de Poblet, Spain"]
[Date "2019.08.11"]
[Round "9.4"]
[White "Chernikov, Vladimir"]
[Black "Serrano Felipe, Rafael"]
[Result "1/2-1/2"]
[TimeControl "90m +30s por jugada"]
[WhiteFideId "14112914"]
[BlackFideId "2252112"]
[WhiteElo "2315"]
[BlackElo "2101"]

1. c4 e5 2. Nc3 Nf6 3. Nf3 Nc6 4. d4 exd4 5. Nxd4 Bb4 6. Bg5 h6 7. Bh4 Qe7 8. e3 d6 9.
Nxc6 Bxc3+ 10. bxc3 bxc6 11. Qf3 Qe4 12. Bxf6 Qxf3 13. gxf3 gxf6 14. Rb1 Rg8 15. Be2 Rg5 16. Kd2 Ra5 17. Rb2 Be6 18. Rg1 Kf8 19. Ra1 Rd8 20. Rb7 Rd7 21. f4 d5 22.
c5 Re7 23. a4 Bc8 24. Rb8 Re8 25. Bd3 Ke7 26. Kc2 Bd7 27. Rxe8+ Bxe8 28. f5 Rxc5 29. a5 Bd7 30. Kb3 Kd6 31.
f4 Bxf5 32. Bxf5 d4 33. e4 Rxc3+ 34. Kb4 c5+ 35. Kb5 a6+ 36. Kb4 1/2-1/2

[Event "VII Open Internacional Quart de Poblet"]
[Site "Quart de Poblet, Spain"]
[Date "2019.08.11"]
[Round "9.5"]
[White "Nieves Cabanes, Jose Manuel"]
[Black "Galvan Cipriani, Viviana"]
[Result "1-0"]
[TimeControl "90m +30s por jugada"]
[WhiteFideId "22245715"]
[BlackFideId "32041144"]
[WhiteElo "2311"]
[BlackElo "1941"]

1. d4 c5 2. dxc5 e6 3. Nd2 Bxc5 4. Ne4 Nf6 5. Nxc5 Qa5+ 6. c3 Qxc5 7. Nf3 d5 8. Be3 Qe7 9. Bg5 Nbd7 10. e3 b6 11. Bb5 a6 12.
Be2 Bb7 13. h3 Qc5 14. Bf4 Ne4 15. Bh2 Qe7 16. O-O O-O 17. Nd2 e5 18. f3 Nd6 19. Bd3 f5 20. Bc2 Nf6 21. Qe1 e4 22. Bxd6 Qxd6 23. f4 a5 24. Nb3 Nd7 25. Rd1 Nc5 26.
Rf2 a4 27. Nc1 Ne6 28. a3 Qc5 29. Na2 Rfd8 30. Nb4 Nc7 31. Kh2 Bc6 32. Bb1 Bb5 33. Qd2 Bc4 34. Rg1 Rd6 35. g4 Rf8 36. Rfg2
Ne8 37. gxf5 Rxf5 38. Rg5 Rdf6 39. Bc2 h6 40. Rxf5 Rxf5 41. Bxa4 b5 42. Bd1 Rf6
43. Bh5 Nd6 44. Bg6 Nc8 45. Qd4 Qxd4 46. cxd4 Ne7 47. Bh5 Nf5 48. Re1 Bb3 49.
Bg4 Nd6 50. Rc1 Bc4 51. Rc3 g5 52. b3 gxf4 53. bxc4 f3 54. Nxd5 Rf8 55. Nf4
bxc4 56. Be6+ Kh7 57. Kg3 Rb8 58. a4 Ra8 59. Ra3 Ra5 60. h4 Kh8 61. Ng6+ Kg7 62.
Ne5 c3 63. Rxc3 Rxa4 64. Rc6 Ne8 65. Bf5 Ra3 66. Rg6+ Kf8 67. Bxe4 Rxe3 68.
Bxf3 Ng7 69. Kf4 Ra3 70. Rxh6 1-0

[Event "VII Open Internacional Quart de Poblet"]
[Site "Quart de Poblet, Spain"]
[Date "2019.08.11"]
[Round "9.6"]
[White "Carbonell Sancho, Marc"]
[Black "Gonzalvez Tamarit, Ruben"]
[Result "1-0"]
[TimeControl "90m +30s por jugada"]
[WhiteFideId "32029969"]
[BlackFideId "32041764"]
[WhiteElo "2187"]
[BlackElo "2087"]

1. e4 e5 2. Nf3 Nc6 3. Bc4 Bc5 4. b4 Bxb4 5. c3 Be7 6. d4 d6 7. Qb3 Na5 8. Bxf7+ Kf8 9. Qa4 Kxf7 10. Qxa5 exd4 11. cxd4 c6 12. Qa4 Be6 13. Nc3 h6 14. O-O Nf6 15.
e5 Nd5 16. Ne4 Nb6 17. Qc2 d5 18. Nc5 Bxc5 19. dxc5 Nc4 20. Bb2 Qe7 21. Nd4 Rhf8 22. f4 Ne3 23. Qc3 Nxf1 24. Rxf1 g6 25. Qf3 Qd7 26. f5 gxf5 27. Qh5+ Kg7 28. Nxf5+ Rxf5 29.
Rxf5 Rf8 30. Rf6 Rxf6 31. exf6+ Kh7 32.
Bc1 Qf7 33. Qxh6+ Kg8 34. Bb2 Bf5 35. Bd4 Qg6 36. Qg7+ Qxg7 37. fxg7 b6 38. cxb6 axb6 39. Bxb6 Kxg7 40. a4 Kf6 41.
Kf2 Bd3 42. a5 Ke6 43. Ke3 Bf1 44. g4 Kf6 45. h4 Ke5 46. h5 Kf6 47. Kf4 Be2 48. Bd4+ Kf7 49. Kg5 Kg8 50. Kg6 Bd3+ 51.
Kf6 Be2 52. h6 Kh7 53. g5 c5 54. g6+ Kh8 55. Be5 Kg8 56. h7+ 1-0

[Event "VII Open Internacional Quart de Poblet"]
[Site "Quart de Poblet, Spain"]
[Date "2019.08.11"]
[Round "9.7"]
[White "Galvan, Jesus"]
[Black "Garcia Diaz, Alejandro"]
[Result "1-0"]
[TimeControl "90m +30s por jugada"]
[WhiteFideId "3800458"]
[BlackFideId "22202463"]
[WhiteElo "2220"]
[BlackElo "1806"]

1. d4 Nf6 2. c4 e5 3. dxe5 Ng4 4. Bf4 Nc6 5. Nf3 Bb4+ 6. Nbd2 Qe7 7. e3 Ngxe5 8. Nxe5 Nxe5 9. Be2 O-O 10. O-O a5 11. a3 Bxd2 12. Qxd2 Ra6 13. c5 Rg6 14.
Qxa5 d6 15. cxd6 cxd6 16. Bh5 Re6 17. Rfd1 Qh4 18. Be2 Rg6 19. Bg3 Qg5 20. Qb4 Nc6 21. Qf4 Qxf4 22. Bxf4 Bh3 23. Bg3 Be6 24.
Rxd6 Ne7 25. e4 Bb3 26. Rd7 Nc6 27. Rxb7 Nd4 28. Bd3 Rc6 29. Be5 Rfc8 30. Bxd4 1-0

[Event "VII Open Internacional Quart de Poblet"]
[Site "Quart de Poblet, Spain"]
[Date "2019.08.11"]
[Round "9.8"]
[White "Ceferino Valles, Juan Carlos"]
[Black "Gonzalez Aguirre, Luis"]
[Result "0-1"]
[TimeControl "90m +30s por jugada"]
[WhiteFideId "54701546"]
[BlackFideId "2202000"]
[WhiteElo "1593"]
[BlackElo "2112"]

1. e4 c6 2. Nf3 d5 3. Nc3 Bg4 4. d4 Nf6 5. h3 Bxf3 6. gxf3 e6 7. a3 Qc7 8. e5 Nfd7 9. Ne2 c5 10. c3 Nc6 11. f4 g6 12.
h4 h5 13. Be3 Be7 14. Ng1 O-O-O 15. b4 cxd4 16. cxd4 Kb8 17. Rc1 Qb6 18. Rh3 Rc8 19. Ne2 Qd8 20. Nc3 Nb6 21. Na4 Nxa4 22.
Qxa4 Qb6 23. Rc5 Bxc5 24. dxc5 Qd8 25. Bd2 Ne7 26. b5 Rxc5 27. Be3 Qc7 28. Bxc5 Qxc5 29. Bd3 Rc8 30. Kf1 Rc7 31.
Be2 Nc8 32. Qb3 Qc1+ 33. Kg2 Qxf4 34. a4 b6 35. a5 bxa5 0-1

[Event "VII Open Internacional Quart de Poblet"]
[Site "Quart de Poblet, Spain"]
[Date "2019.08.11"]
[Round "9.9"]
[White "Balada Moreno, Jose Luis"]
[Black "Vila Tormo, Eduardo"]
[Result "1-0"]
[TimeControl "90m +30s por jugada"]
[WhiteFideId "2214962"]
[BlackFideId "32063989"]
[WhiteElo "2022"]
[BlackElo "1620"]

1. e4 c5 2. Nc3 Nc6 3. f4 e6 4. Nf3 Nge7 5. d3 d5 6. Qe2 d4 7. Nd1 g6 8. Nf2 Bg7 9. g3 b5 10.
Bg2 a5 11. O-O Ba6 12. Bh3 O-O 13. g4 c4 14. f5 cxd3 15. cxd3 exf5 16. gxf5 Re8 17. Ng4 Nxf5 18. Qf2 Ne3 19.
Nxe3 dxe3 20. Bxe3 h6 21. Rad1 Nb4 22. Ne1 Qe7 23. Bg2 Rac8 24. Kh1 Bb7 25. a3 Na6 26. Qd2 Kh7 27. Qxa5 Bxb2 28.
Qxb5 Bxa3 29. Rb1 Bb4 30. Bd2 Bxd2 31. Qxb7 Qxb7 32. Rxb7 Bxe1 33. Rbxf7+ Kg8 34. R7f6 Nc5 35.
Rxe1 Nxd3 36. Rd1 Kg7 37. Rf3 Nc5 38. Re3 Re5 39. Kg1 Rce8 40. Rd4 Ra8 41. Rd5 Rae8 42. Rxe5 Rxe5 43. Kf2 Re8 44.
Re2 Rf8+ 45. Ke3 Rd8 46. Rc2 Ne6 47. e5 g5 48. Be4 Kf7 49. Rc6 Ke7 50. Bf5 Nd4 51. Rc7+ Kf8 52. Bg6 Ne6 53.
Rf7+ Kg8 54. Ra7 Nf4 55. Bf7+ Kf8 56. Ke4 Rd1 57. Kf5 Rf1 58. Bc4 Rc1 59. Ba6 Re1 60. Bc4 Rc1 61. Ba2 Rc2 62.
Kf6 Rc6+ 63. e6 Nh5+ 64. Ke5 Ng7 65. Rf7+ Kg8 66. e7 Rc8 67. Rf8+ 1-0